 Dungeon Crawl Stone Soup version 0.29.1-1-gd02db6906a (webtiles) character file.

Game seed: 1042741882501321615

474 Icepheonix32 the Summoner (level 7, -3/46 HPs)
             Began as a Merfolk Summoner on Oct 9, 2022.
             Engulfed by a cloud of poison gas (6 damage)
             ... on level 4 of the Dungeon.
             The game lasted 00:08:38 (4133 turns).

Icepheonix32 the Summoner (Merfolk Summoner)        Turns: 4133, Time: 00:08:38

Health: -3/46      AC:  4    Str:  8    XL:     7   Next: 10%
Magic:  10/10      EV: 15    Int: 17    God:
Gold:   223        SH:  0    Dex: 14    Spells: 4/10 levels left

rFire   + . .      SeeInvis .   n - +5 dagger of Hisenoa {vorpal, rF+ rC- rN+}
rCold   . . .      Faith    .   (no shield)
rNeg    + . .      Spirit   .   a - +0 robe
rPois   .          Reflect  .   u - +1 hat
rElec   .          Harm     .   (no cloak)
rCorr   .          Rampage  .   e - +0 pair of gloves
Will    .....                   (boots currently unavailable)
Stlth   +++.......              (no amulet)
HPRegen 0.15/turn               j - ring of protection from cold
MPRegen 0.12/turn               (no ring)

@: lethally poisoned (-3 -> -31), hasted, very quick
A: nimble swimmer 2, mertail
a: no special abilities


You were on level 4 of the Dungeon.
You visited 1 branch of the dungeon, and saw 4 of its levels.
You also visited: Sewer.

You collected 223 gold pieces.

Inventory:

Hand Weapons
 f - a +0 dagger
 i - a +4 whip
 n - the +5 dagger of Hisenoa (weapon) {vorpal, rF+ rC- rN+}
   (You found it on level 3 of the Dungeon)

   It inflicts extra damage upon your enemies.
   rF:        It protects you from fire.
   rC:        It makes you vulnerable to cold.
   rN:        It protects you from negative energy.
 t - a +3 vampiric whip
Missiles
 d - 6 boomerangs
Armour
 a - a +0 robe (worn)
 e - a +0 pair of gloves (worn)
 l - a +0 helmet
 u - a +1 hat (worn)
Jewellery
 j - a ring of protection from cold (left hand)
Wands
 g - a wand of iceblast (7)
Scrolls
 k - a scroll of butterflies
 y - a scroll of enchant weapon
 z - 3 scrolls of summoning
 A - a scroll of teleportation
Potions
 b - a potion of magic
 c - 2 potions of flight
 o - 2 potions of mutation {unknown}
 q - a potion of resistance
 s - 2 potions of haste
 w - a potion of heal wounds {unknown}
 x - a potion of cancellation {unknown}


   Skills:
 - Level 2.6 Dodging
 - Level 2.1 Stealth
 - Level 2.0 Spellcasting
 + Level 8.3 Summonings


You had 4 spell levels left.
You knew the following spells:

 Your Spells              Type           Power      Damage    Failure   Level
a - Summon Small Mammal   Summ           100%       N/A       1%          1
b - Call Imp              Summ           30%        N/A       1%          2
c - Call Canine Familiar  Summ           30%        N/A       1%          3

Your spell library contained the following spells:

 Spells                   Type           Power      Damage    Failure   Level
 Summon Guardian Golem    Hex/Summ       15%        N/A       11%         3
 Freeze                   Ice            4%         1d3       19%         1
 Summon Lightning Spire   Summ/Air       15%        N/A       34%         4
 Frozen Ramparts          Ice            2%         1d1       50%         3
 Hailstorm                Conj/Ice       1%         3d3       88%         4
 Passage of Golubria      Tloc           1%         N/A       88%         4
 Silence                  Hex/Air        0%         N/A       99%         5
 Lehudib's Crystal Spear  Conj/Erth      0%         10d2      100%        8


Dungeon Overview and Level Annotations

Branches:
Dungeon (4/15)              Sewer (visited)
 Temple: D:4-7

Altars:
Kikubaaqudgha
Sif Muna


Innate Abilities, Weirdness & Mutations

You are very nimble when in or above water. (Stealth+, EV+, Speed+++)
Your lower body shifts to a powerful aquatic tail in water.


Message History

You kill your orc!
Your orc's corpse dissolves into shadows!
Your goblin is engulfed in poison gas.
Your goblin is poisoned.
You kill your goblin!
Your goblin's corpse dissolves into shadows!
Your orc is poisoned.
Your orc is engulfed in poison gas.
Your orc is poisoned.
As you read the scroll labelled BUEGUA GODISHIAC, it crumbles to dust.
The creatures around you are filled with an inner flame!
It was a scroll of immolation.
Flame seeps out of your orc.
Your orc's corpse dissolves into shadows!
Your orc explodes!
Your orc is engulfed in poison gas.
Your orc looks even sicker.
Your orc's corpse dissolves into shadows!
Your orc explodes!
The fiery explosion engulfs you! You resist.
Unknown command.
You are engulfed in blazing flames.
You resist. Flame seeps out of your orc.
Your orc is engulfed in poison gas.
Your orc looks even sicker.
Flame seeps out of your orc.
You are engulfed in blazing flames.
You resist.
Your orc's corpse dissolves into shadows!
Your orc explodes!
The fiery explosion engulfs you! You resist.
* * * LOW HITPOINT WARNING * * *
Unknown command.
Really swim into that cloud of poison gas?
You are engulfed in poison gas.
You are lethally poisoned!
* * * LOW HITPOINT WARNING * * *
x2 You feel sick.
Unknown command.
It was a potion of haste.
You feel yourself speed up.
You are engulfed in poison gas.
You are more poisoned.
You die...

##.########
..........#
#########.######
#.##§○°####
#..○§○§☼☼§#
#####○°○☼§#
#§☼§§☼# #§§§§○#
#§§§@°# #######


There were no monsters in sight!

Vanquished Creatures
  2 bullfrogs (Sewer)
  6 adders
  4 river rats (Sewer)
  A worm (D:2)
  2 orcs (D:3)
  7 ball pythons
  3 endoplasms
  2 giant cockroaches (D:1)
  5 goblins
  2 hobgoblins (D:2)
  A quokka (D:2)
  5 bats
  3 frilled lizards
  11 rats
54 creatures vanquished.

Vanquished Creatures (collateral kills)
  A howler monkey (D:4)
  An orc priest (D:3)
  An orc wizard (D:3)
  An adder (Sewer)
  A gnoll (D:1)
  5 river rats
  A dart slug (D:2)
  2 orcs (D:3)
  10 ball pythons
  A bat (D:1)
  4 endoplasms
  2 giant cockroaches (D:4)
  3 hobgoblins (D:1)
  2 kobolds (D:1)
  A quokka (D:1)
  3 frilled lizards (Sewer)
  A goblin (D:1)
  18 rats
58 creatures vanquished.

Vanquished Creatures (others)
  4 fungi (D:3)
  5 plants (D:3)
9 creatures vanquished.

Grand Total: 121 creatures vanquished

Notes
Turn   | Place    | Note
-------+----------+-------------------------------------------
     0 | D:1      | Icepheonix32 the Merfolk Summoner began the quest for the
                  | Orb.
     0 | D:1      | Reached XP level 1. HP: 13/13 MP: 3/3
   430 | D:1      | Reached XP level 2. HP: 19/19 MP: 3/5
   698 | D:1      | Learned a level 2 spell: Call Imp
  1225 | D:1      | Reached XP level 3. HP: 24/24 MP: 3/6
  1229 | D:1      | Learned a level 3 spell: Call Canine Familiar
  1265 | D:2      | Reached skill level 5 in Summonings
  1916 | D:2      | Reached XP level 4. HP: 27/30 MP: 7/7
  2033 | D:2      | Found an ancient bone altar of Kikubaaqudgha.
  2466 | D:3      | Reached skill level 6 in Summonings
  2466 | D:3      | Reached XP level 5. HP: 19/35 MP: 6/8
  2713 | D:3      | Found a faded altar of an unknown god.
  2747 | D:3      | Identified the +5 dagger of Hisenoa {vorpal, rF+ rC- rN+}
  2785 | D:3      | Found a shimmering blue altar of Sif Muna.
  3228 | D:4      | Found a glowing drain.
  3240 | Sewer    | Entered a sewer
  3283 | Sewer    | Reached skill level 7 in Summonings
  3285 | Sewer    | Reached XP level 6. HP: 24/41 MP: 6/9
  3943 | Sewer    | Reached skill level 8 in Summonings
  3954 | Sewer    | Reached XP level 7. HP: 20/46 MP: 8/10
  4133 | D:4      | Engulfed by a cloud of poison gas

Illustrated notes

Levels and vault maps discovered:
D:1:      heliophobic_arrival_battle_scene, layout_loops_cross,
          minmay_misc_feat_chi
D:2:      layout_basic, basic_altar
D:3:      layout_basic, mainiacjoe_overflow_tiny_flanked,
          shapermc_ecumenical_altar_mp_ritualfount
D:4:      layout_loops_ring, mainiacjoe_overflow_alcove_2, portal_sewer_entry_b,
          uniq_ijyb, uniq_menkaure

Skill      XL: |  1  2  3  4  5  6 |
---------------+-------------------+-----
Summonings     | 5 6 7 8 |  8.3
Dodging        | |  2.6
Stealth        | |  2.1
Spellcasting   | |  2.0

Action                   |  1- 3 |  4- 6 |  7- 9 || total
-------------------------+-------+-------+-------++-------
Melee: Unarmed           |    15 |       |       ||    15
       Dagger            |    12 |    80 |     1 ||    93
       Whip              |    48 |    27 |       ||    75
       Punch             |       |     2 |       ||     2
       Tailslap          |       |     3 |       ||     3
Throw: Boomerang         |       |     6 |     1 ||     7
 Cast: Summon Small Mamm |    17 |       |       ||    17
       Call Imp          |     9 |    10 |       ||    19
       Call Canine Famil |       |     5 |     2 ||     7
Evoke: Wand              |       |     1 |       ||     1
  Use: Potion            |       |     5 |     1 ||     6
       Scroll            |       |     7 |     7 ||    14
 Stab: Sleeping          |     4 |     4 |       ||     8
       Distracted        |       |     1 |       ||     1
Armor: Robe              |    27 |    34 |       ||    61
Dodge: Dodged            |    68 |   110 |       ||   178
